 Dungeon Crawl Stone Soup version 0.29.1-2-gbd0b4ee654 (webtiles) character file.

Game seed: 11687149559228799404

4964 Icepheonix32 the Martial Artist (level 10, -6/64 HPs)
             Began as an Octopode Transmuter on Nov 18, 2022.
             Was an Initiate of Gozag.
             Mangled by a komodo dragon (25 damage)
             ... on level 8 of the Dungeon.
             The game lasted 00:21:00 (9758 turns).

Icepheonix32 the Martial Artist (OpTm)              Turns: 9758, Time: 00:21:01

Health: -6/64      AC:  7    Str: 10    XL:     10   Next: 53%
Magic:  13/16      EV: 13    Int: 15    God:    Gozag
Gold:   561        SH:  0    Dex: 17    Spells: 3/17 levels left

rFire   x . .      SeeInvis .     - Unarmed
rCold   + + +      Faith    .   (shield currently unavailable)
rNeg    + . .      Spirit   .   (helmet currently unavailable)
rPois   +          Reflect  .   (no amulet)
rElec   .          Harm     .   d - ring of positive energy
rCorr   .          Rampage  .   g - +4 ring of slaying
Will    ++...                   k - ring of willpower
Stlth   ++++......              i - +4 ring of slaying
HPRegen 0.20/turn               c - ring of willpower
MPRegen 0.15/turn               (no ring)
                                (no ring)
                                (no ring)

@: ice-form, wereblooded, gold aura
A: freezing attack, boosted hp, almost no armour, amphibious, 8 rings, large,
(camouflage 1), (gelatinous body 1), (nimble swimmer 1), (tentacles), (fire
resistance 1), frail 1
a: End Transformation, Renounce Religion, Potion Petition, Call Merchant, Bribe
Branch


You were on level 8 of the Dungeon.
You worshipped Gozag.
Gozag was pleased with you.
You were a creature of crystalline ice.
You visited 2 branches of the dungeon, and saw 9 of its levels.
You also visited: Sewer and Bailey.

You collected 694 gold pieces.
You paid 133 gold pieces to Gozag.

Inventory:

Hand Weapons
 A - the +3 hand axe of Pilib {vorpal, rN+ Str+4 SInv Stlth-}
   (You took it off a kobold brigand on level 8 of the Dungeon)

   It inflicts extra damage upon your enemies.
   Str:       It affects your strength (+4).
   rN:        It protects you from negative energy.
   SInv:      It lets you see invisible.
   Stlth:     It makes you less stealthy.
Missiles
 e - 20 poisoned darts
 f - 5 silver javelins
 l - a boomerang
Armour
 m - the +2 kite shield "Xuticeqo" {Dex+2}
   (You found it on level 3 of the Dungeon)

   Dex:       It affects your dexterity (+2).
 w - a +2 hat (melded)
Magical Staves
 D - a staff of earth
Jewellery
 c - a ring of willpower (on tentacle)
 d - a ring of positive energy (left front paw)
 g - a +4 ring of slaying (right front paw)
 i - a +4 ring of slaying (on tentacle)
 k - a ring of willpower (on tentacle)
Wands
 h - a wand of mindburst (6)
 y - a wand of polymorph (8)
 B - a wand of digging (6)
Scrolls
 b - 6 scrolls of teleportation
 j - a scroll of enchant weapon
 x - 2 scrolls of identify
 E - a scroll of magic mapping
Potions
 a - 2 potions of curing
 n - 2 potions of ambrosia
 o - 2 potions of brilliance
 p - 2 potions of magic
 q - 7 potions of haste
 r - 2 potions of cancellation
 s - 3 potions of might
 t - 3 potions of heal wounds
 u - a potion of flight
 v - a potion of lignification
 z - 2 potions of resistance
 C - 2 potions of invisibility


   Skills:
 + Level 2.0 Fighting
 + Level 0.4 Throwing
 * Level 5.9 Dodging
 + Level 7.1 Stealth
 + Level 8.2 Unarmed Combat
 + Level 4.2 Spellcasting
 + Level 2.2 Necromancy
 * Level 6.8 Transmutations
 * Level 3.7 Ice Magic
 + Level 2.3 Air Magic
 + Level 5.2 Poison Magic
 + Level 0.3 Evocations


You had 3 spell levels left.
You knew the following spells:

 Your Spells              Type           Power      Damage    Failure   Level
a - Beastly Appendage     Tmut           46%        N/A       1%          1
b - Spider Form           Tmut/Pois      21%        N/A       4%          3
c - Wereblood             Tmut           23%        N/A       1%          2
d - Corpse Rot            Necr/Pois/Air  13%        N/A       41%         4
e - Ice Form              Ice/Tmut       19%        N/A       21%         4

Your spell library contained the following spells:

 Spells                   Type           Power      Damage    Failure   Level
 Poisonous Vapours        Pois/Air       28%        N/A       5%          2
 Ignite Poison            Fire/Tmut/Pois 15%        N/A       10%         3
 Ensorcelled Hibernation  Hex/Ice        16%        N/A       12%         2
 Mephitic Cloud           Conj/Pois/Air  10%        N/A       19%         3
 Anguish                  Hex/Necr       3%         N/A       75%         4
 Freezing Cloud           Conj/Ice/Air   4%         6-21      91%         5


Dungeon Overview and Level Annotations

Branches:
Dungeon (8/15)             Temple (1/1) D:7           Sewer (visited)
 Bailey (visited)
   Lair: D:8-11

Altars:
Ashenzari
Cheibriados
Dithmenos
Elyvilon
Fedhas
Gozag
Hepliaklqana
Kikubaaqudgha
Makhleb
Nemelex Xobeh
Okawaru
Qazlal
Ru
Sif Muna
Trog
Uskayaw
Vehumet
Wu Jian
Xom
Yredelemnul
Zin
The Shining One


Innate Abilities, Weirdness & Mutations

You are a creature of crystalline ice.
You have a powerful freezing melee attack.
Your maximum health is increased.
Your armour is entirely melded.
You are incapable of wielding weapons or throwing items.
You cannot wear most types of armour.
You are amphibious.
You can wear up to eight rings at the same time.
((Your skin changes colour to match your surroundings (Stealth+).))
((Your rubbery body absorbs attacks. (AC +1, EV +1)))
((You are camouflaged when in or above water. (Stealth+)))
((You have tentacles for arms and can constrict up to eight enemies at once.))
((Your flesh is heat resistant. (rF+)))
You are frail. (-10% HP)


Message History

The killer bee is distracted by your dazzling golden aura.
You barely miss the killer bee.
The killer bee buzzes angrily.
The killer bee stings you.
The killer bee is distracted by your dazzling golden aura.
The killer bee buzzes angrily.
You barely miss the killer bee.
The killer bee is no longer distracted by gold.
The killer bee misses you. The killer bee closely misses you.
You miss the killer bee.
The killer bee stings you but does no damage.
You punch the killer bee! You freeze the killer bee.
The killer bee is almost dead.
The killer bee closely misses you. x2
You pummel the killer bee!! You freeze the killer bee.
You feel a bit better.
You kill the killer bee!
The killer bee is no longer distracted by gold.
The killer bee misses you.
You barely miss the killer bee. The killer bee completely misses you.
A komodo dragon comes into view.
You closely miss the killer bee.
The killer bee stings you but does no damage.
The killer bee stings you!
You hit the killer bee. You freeze the killer bee.
The killer bee is heavily wounded.
The killer bee stings you. The killer bee closely misses you.
You punch the killer bee! You freeze the killer bee.
You feel a bit better.
You kill the killer bee!
You howl as the wereblood boils in your veins!
You see here 38 gold pieces.
Found a stone staircase leading down.
You howl as the wereblood boils in your veins!
The komodo dragon bites you!
* * * LOW HITPOINT WARNING * * *
You pummel the komodo dragon!! You freeze the komodo dragon!
The komodo dragon is severely wounded.
You howl as the wereblood boils in your veins!
The komodo dragon bites you!!
You die...
Your body crumbles into a pile of gold.

## #..>....... #)
#.......... #.
#......... ##)
#.......# #.)
#.......# #)#
#.......# #.#
#..l....###.. #.#
#..Y.....##.. #.#
###.#######.# ##..
#$# #.# #... #.#
#.# #.#. #.### #.#
#...
#...#####.#####..#
###..............#
#######.##.....#
#.##..#..#


You could see a komodo dragon.

Vanquished Creatures
  Grinder (Sewer)
  3 yaks (D:7)
  2 steam dragons
  2 water moccasins
  A sky beast (D:8)
  6 ice beasts
  3 orc warriors
  2 ogres
  2 centaurs
  3 phantoms
  4 kobold brigands
  A necrophage (Sewer)
  5 scorpions
  5 wights (D:6)
  6 killer bees (D:8)
  5 howler monkeys (D:8)
  4 jellies
  6 hounds
  3 orc priests (D:8)
  4 iguanas
  5 orc wizards
  20 gnolls
  7 adders
  3 shadow imps
  3 white imps
  4 ufetubi (Sewer)
  A dart slug (D:3)
  32 orcs
  6 ball pythons
  A bat zombie (Sewer)
  5 endoplasms
  6 giant cockroaches
  7 goblins
  8 hobgoblins
  A quokka (D:2)
  8 bats
  2 frilled lizards
  A giant cockroach zombie (Sewer)
  28 kobolds
  3 rats
219 creatures vanquished.

Vanquished Creatures (others)
  A howler monkey (D:7)
  37 plants (D:8)
38 creatures vanquished.

Grand Total: 257 creatures vanquished

Notes
Turn   | Place    | Note
-------+----------+-------------------------------------------
     0 | D:1      | Icepheonix32 the Octopode Transmuter began the quest for
                  | the Orb.
     0 | D:1      | Reached XP level 1. HP: 13/13 MP: 3/3
   176 | D:1      | Reached XP level 2. HP: 15/18 MP: 3/5
  1190 | D:2      | Reached XP level 3. HP: 19/23 MP: 4/6
  1201 | D:1      | Reached skill level 1 in Stealth
  1542 | D:2      | Reached XP level 4. HP: 21/28 MP: 7/7
  2071 | D:3      | Noticed a phantom
  2071 | D:3      | Found a faded altar of an unknown god.
  2078 | D:2      | Learned a level 3 spell: Spider Form
  2081 | D:2      | Learned a level 2 spell: Wereblood
  2114 | D:3      | Reached skill level 1 in Poison Magic
  2255 | D:3      | Identified the +2 kite shield "Xuticeqo" {Dex+2}
  2336 | D:3      | Reached XP level 5. HP: 31/33 MP: 8/8
  2657 | D:3      | Gained mutation: You are frail. (-10% HP) [potion of
                  | mutation]
  2657 | D:3      | Gained mutation: You do not regenerate when monsters are
                  | visible. [potion of mutation]
  2657 | D:3      | Lost mutation: You are frail. (-10% HP) [potion of
                  | mutation]
  2657 | D:3      | Gained mutation: One of your tentacles bears a spike.
                  | [potion of mutation]
  2730 | D:3      | Killed a phantom
  2731 | D:3      | Reached skill level 4 in Unarmed Combat
  3305 | D:4      | Reached XP level 6. HP: 33/38 MP: 9/9
  3439 | D:4      | Found a glowing golden altar of the Shining One.
  3440 | D:4      | Found a shimmering blue altar of Sif Muna.
  3952 | D:5      | Entered Level 5 of the Dungeon
  4059 | D:5      | Reached XP level 7. HP: 37/43 MP: 4/10
  4213 | D:5      | Reached XP level 8. HP: 9/48 MP: 12/12
  4227 | D:5      | Reached skill level 5 in Unarmed Combat
  4241 | D:5      | Found a glowing drain.
  4252 | Sewer    | Entered a sewer
  4615 | Sewer    | Learned a level 4 spell: Corpse Rot
  4892 | Sewer    | Found an ancient bone altar of Kikubaaqudgha.
  4963 | Sewer    | Noticed Grinder
  4976 | Sewer    | Killed Grinder
  4977 | Sewer    | Reached skill level 5 in Stealth
  4977 | Sewer    | Reached skill level 1 in Air Magic
  5049 | Sewer    | Reached skill level 1 in Necromancy
  5150 | D:5      | Reached skill level 5 in Transmutations
  5166 | D:5      | Found a white marble altar of Elyvilon.
  5193 | D:5      | Found a blossoming altar of Fedhas.
  5269 | D:5      | Reached skill level 6 in Unarmed Combat
  5583 | D:5      | Reached XP level 9. HP: 8/54 MP: 10/13
  6667 | D:6      | Learned a level 4 spell: Ice Form
  6833 | D:6      | Reached skill level 7 in Unarmed Combat
  6924 | D:6      | Reached skill level 1 in Ice Magic
  6924 | D:6      | Reached skill level 5 in Poison Magic
  7327 | D:7      | Reached skill level 5 in Dodging
  7515 | D:7      | Reached XP level 10. HP: 22/60 MP: 10/15
  7549 | D:7      | Found a flagged portal.
  7556 | Bailey   | Entered a bailey
  8222 | Bailey   | Lost mutation: One of your tentacles bears a spike. [potion
                  | of mutation]
  8222 | Bailey   | Lost mutation: You do not regenerate when monsters are
                  | visible. [potion of mutation]
  8222 | Bailey   | Gained mutation: You occasionally shout uncontrollably at
                  | your foes. [potion of mutation]
  8222 | Bailey   | Gained mutation: You are frail. (-10% HP) [potion of
                  | mutation]
  8222 | Bailey   | Gained mutation: Your mind is acute. (Int +4, Str/Dex -1)
                  | [potion of mutation]
  8223 | Bailey   | Lost mutation: Your mind is acute. (Int +4, Str/Dex -1)
                  | [potion of mutation]
  8223 | Bailey   | Lost mutation: You are frail. (-10% HP) [potion of
                  | mutation]
  8223 | Bailey   | Lost mutation: You occasionally shout uncontrollably at
                  | your foes. [potion of mutation]
  8223 | Bailey   | Gained mutation: Potions are less effective at restoring
                  | your health. [potion of mutation]
  8223 | Bailey   | Gained mutation: You occasionally shout uncontrollably at
                  | your foes. [potion of mutation]
  8223 | Bailey   | Gained mutation: You have very sharp teeth. [potion of
                  | mutation]
  8224 | Bailey   | Lost mutation: You occasionally shout uncontrollably at
                  | your foes. [potion of mutation]
  8224 | Bailey   | Lost mutation: You have very sharp teeth. [potion of
                  | mutation]
  8224 | Bailey   | Gained mutation: You expend magic power (3 MP) to
                  | strengthen your wands. [potion of mutation]
  8224 | Bailey   | Gained mutation: You are partially covered in iridescent
                  | scales. (AC +2) [potion of mutation]
  8426 | D:7      | Found a staircase to the Ecumenical Temple.
  8439 | Temple   | Entered the Ecumenical Temple
  8465 | Temple   | Became a worshipper of Gozag Ym Sagoz the Greedy
  8817 | D:7      | Found a glowing silver altar of Zin.
  8817 | D:7      | Found an ornate altar of the Wu Jian Council.
  8817 | D:7      | Found a sacrificial altar of Ru.
  8927 | D:7      | Lost mutation: Potions are less effective at restoring your
                  | health. [potion of mutation]
  8927 | D:7      | Lost mutation: You are partially covered in iridescent
                  | scales. (AC +2) [potion of mutation]
  8927 | D:7      | Gained mutation: You are frail. (-10% HP) [potion of
                  | mutation]
  8927 | D:7      | Lost mutation: You expend magic power (3 MP) to strengthen
                  | your wands. [potion of mutation]
  8927 | D:7      | Gained mutation: Your flesh is heat resistant. (rF+)
                  | [potion of mutation]
  9062 | D:8      | Reached skill level 8 in Unarmed Combat
  9201 | D:8      | Identified the +3 hand axe of Pilib {vorpal, rN+ Str+4 SInv
                  | Stlth-}
  9758 | D:8      | Mangled by a komodo dragon

Illustrated notes

Levels and vault maps discovered:
D:1:      lightli_arrival_farm, layout_basic, minmay_statues_item,
          minmay_pentomino_x4
D:2:      layout_rooms
D:3:      layout_basic, ebering_ecumenical_altar_sacrificial,
          minmay_misc_feat_rugged
D:4:      layout_loops_ring, gammafunk_temple_overflow_pools,
          corexii_checkpoint_b
D:5:      minmay_recursive_quarters, layout_gridville,
          mainiacjoe_overflow_large_starburst, portal_sewer_entry_d
D:6:      layout_rooms
D:7:      layout_rooms, gammafunk_temple_overflow_claw,
          minmay_temple_entry_grid, enter_bailey_3
D:8:      layout_rooms, david_lair_shrubbed
Temple:   nicolae_temple_no_exploring_needed

Skill      XL: |  1  2  3  4  5  6  7  8  9 10 |
---------------+-------------------------------+-----
Stealth        | 1 2 4 5 6 7 |  7.1
Transmutations | 3 4 5 6 |  6.8
Poison Magic   | 2 3 4 5 |  5.2
Unarmed Combat | 4 6 7 8 |  8.2
Dodging        | 3 4 5 |  5.9
Air Magic      | 2 |  2.3
Necromancy     | 1 2 |  2.2
Spellcasting   | 3 4 |  4.2
Fighting       | 2 |  2.0
Ice Magic      | 2 3 |  3.7
Throwing       | |  0.4
Evocations     | |  0.3

Action                   |  1- 3 |  4- 6 |  7- 9 | 10-12 || total
-------------------------+-------+-------+-------+-------++-------
Melee: Unarmed           |    46 |    72 |   202 |   112 ||   432
       Tentacles         |     9 |    10 |    12 |     2 ||    33
       Constrict         |    12 |    15 |    21 |     5 ||    53
       Kick              |     8 |    22 |    28 |     4 ||    62
       Punch             |       |     3 |     5 |       ||     8
Throw: Javelin           |       |     3 |       |       ||     3
       Boomerang         |       |     2 |     1 |     1 ||     4
       Dart              |       |       |     4 |       ||     4
 Cast: Beastly Appendage |    16 |    11 |       |       ||    27
       Spider Form       |       |     1 |    15 |     7 ||    23
       Wereblood         |       |     1 |     5 |     5 ||    11
       Ice Form          |       |       |     1 |     2 ||     3
 Abil: End Transformatio |       |       |     1 |       ||     1
Evoke: Wand              |       |       |       |     3 ||     3
  Use: Scroll            |       |    10 |     6 |       ||    16
       Potion            |       |     3 |    10 |     4 ||    17
 Stab: Sleeping          |     3 |     9 |    13 |     9 ||    34
       Distracted        |       |       |     1 |     2 ||     3
Armor: Skin              |     8 |     3 |    21 |    18 ||    50
Dodge: Dodged            |    26 |    34 |   145 |    81 ||   286
